 Dungeon Crawl Stone Soup version 0.30-a0-1075-gcd70e7a56d (webtiles) character file.

Game seed: 14242972624885360657

674 gelatine the Chopper (level 7, -4/54 HPs)
             Began as a Demonspawn Fighter on Apr 14, 2023.
             Slain by an ogre
             ... wielding a +0 giant spiked club
              (21 damage)
             ... on level 4 of the Dungeon.
             The game lasted 00:07:29 (3601 turns).

gelatine the Chopper (Demonspawn Fighter)           Turns: 3601, Time: 00:07:29

Health: -4/54      AC:  9    Str: 18    XL:     7   Next: 33%
Magic:  16/16      EV:  9    Int: 15    God:
Gold:   136        SH:  6    Dex: 13    Spells: 6/6 levels left

rFire   . . .      SeeInvis .    a - +0 war axe
rCold   . . .      Faith    .    c - +1 buckler
rNeg    . . .      Spirit   .    b - +0 scale mail
rPois   .          Reflect  .    (no helmet)
rElec   .          Rampage  .    q - scarf {harm}
rCorr   .          Harm     + .  (no gloves)
Will    .....                    (no boots)
Stlth   +                        (no amulet)
HPRegen 0.29/turn                g - ring of magical power
MPRegen 0.15/turn                n - +6 ring of intelligence

@: no status effects
A: yellow scales 1, ignite blood 1, spiny 1
a: no special abilities


You were on level 4 of the Dungeon.
You visited 1 branch of the dungeon, and saw 4 of its levels.
You also visited: Sewer.

You collected 194 gold pieces.
You spent 58 gold pieces at shops.

Inventory:

Hand Weapons
 a - a +0 war axe (weapon)
 h - a +0 heavy war axe
 r - a +2 sling of electrocution
Missiles
 p - 4 boomerangs (quivered)
Armour
 b - a +0 scale mail (worn)
 c - a +1 buckler (worn)
 q - a scarf of harm (worn)
 y - a +0 cloak
Jewellery
 g - a ring of magical power (left hand)
 n - a +6 ring of intelligence (right hand)
Scrolls
 i - a scroll of identify
 j - 2 scrolls of amnesia {unknown}
 k - a scroll of fog
 v - a scroll of noise {unknown}
 x - a scroll of enchant armour
 A - a scroll of poison
Potions
 d - a potion of might
 e - a potion of flight
 f - 3 potions of haste
 l - 2 potions of lignification {unknown}
 m - 2 potions of heal wounds {unknown}
 o - a potion of brilliance {unknown}
 s - 2 potions of invisibility {unknown}
 t - 2 potions of mutation {unknown}
 u - a potion of cancellation {unknown}
 w - 2 potions of magic {unknown}
 z - a potion of curing
 B - a potion of attraction {unknown}


   Skills:
 * Level 4.0 Fighting
 * Level 4.9 Axes
 + Level 0.7 Throwing
 * Level 4.0 Armour
 * Level 1.9 Dodging
 * Level 2.0 Stealth
 * Level 3.5 Shields


You had 6 spell levels left.
You didn't know any spells.
Your spell library was empty.

Dungeon Overview and Level Annotations

Branches:
Dungeon (4/15)              Sewer (visited)
 Temple: D:4-7

Altars:
Okawaru

Shops:
D:3 *


Innate Abilities, Weirdness & Mutations

You are partially covered in yellow scales. (AC +2)
Your demonic aura sometimes causes spilled blood to erupt in flames.
You are partially covered in sharp spines.


Message History

The black bear is struck by your spines.
The black bear bites you. The black bear closely misses you. x2
You slash the black bear!
You kill the black bear!
Your Armour skill increases to level 4!
Your Stealth skill increases to level 2!
Found 16 gold pieces.
You now have 94 gold pieces (gained 11).
You see here a staff of death.
You now have 110 gold pieces (gained 16).
You now have 124 gold pieces (gained 14).
You now have 136 gold pieces (gained 12).
Found a stone staircase leading up.
There is a stone staircase leading up here.
There is a stone staircase leading up here.
Found a stone staircase leading down.
An ogre comes into view. It is wielding a +0 giant spiked club.
The ogre shouts!
You throw a boomerang. The boomerang hits the ogre.
The ogre is lightly wounded.
You throw a boomerang. The boomerang hits the ogre.
The ogre is moderately wounded.
You throw a boomerang. The boomerang hits the ogre.
The ogre is heavily wounded.
You throw a boomerang.
The boomerang hits the ogre but does no damage.
The ogre is heavily wounded.
You hit the ogre.
The ogre is heavily wounded.
The ogre is struck by your spines. The ogre closely misses you.
You hit the ogre but do no damage.
The ogre is severely wounded.
The ogre is struck by your spines.
The ogre hits you with a +0 giant spiked club!!
Ouch! That really hurt!
You barely miss the ogre.
The ogre is severely wounded.
The ogre is struck by your spines.
The ogre hits you with a +0 giant spiked club!!
You die...

......... ..
#......... ..
##......##. ..
##.......##. #..
###........... #..
#.............# #..
#..O....# #.. #..
#@....# #..# #..
######.>..####..####..
#....#...........##...
##....................
#.......####........#
#......## ###.....#
##....## ##.#...#
##....# ###..##..#
#..#..# ###....##..#


You could see an ogre.

Vanquished Creatures
  Grinder (D:3)
  A black bear (D:4)
  3 kobold brigands (Sewer)
  An iguana (D:4)
  4 adders
  A gnoll (D:1)
  5 dart slugs
  2 worms
  4 orcs (D:3)
  4 endoplasms
  7 giant cockroaches
  10 goblins
  7 hobgoblins
  8 jackals
  7 quokkas
  6 ball pythons
  11 bats
  2 frilled lizards
  17 kobolds
  5 rats
106 creatures vanquished.

Vanquished Creatures (others)
  2 plants (Sewer)
2 creatures vanquished.

Grand Total: 108 creatures vanquished

Notes
Turn   | Place    | Note
-------+----------+-------------------------------------------
     0 | D:1      | gelatine the Demonspawn Fighter began the quest for the
                  | Orb.
     0 | D:1      | Reached XP level 1. HP: 18/18 MP: 1/1
    37 | D:1      | Gained mutation: You are partially covered in yellow
                  | scales. (AC +2) [demonic ancestry]
    37 | D:1      | Reached XP level 2. HP: 22/24 MP: 2/2
   272 | D:1      | Gained mutation: You are partially covered in sharp spines.
                  | [demonic ancestry]
   272 | D:1      | Reached XP level 3. HP: 28/29 MP: 3/3
   573 | D:2      | Found an iron altar of Okawaru.
  1094 | D:2      | Reached XP level 4. HP: 26/35 MP: 4/4
  1780 | D:3      | Found a glowing drain.
  1795 | Sewer    | Entered a sewer
  1855 | Sewer    | Reached skill level 1 in Dodging
  1927 | Sewer    | Noticed a kobold brigand
  1939 | Sewer    | Killed a kobold brigand
  1940 | Sewer    | Reached skill level 1 in Stealth
  1940 | Sewer    | Reached XP level 5. HP: 21/41 MP: 5/5
  2250 | Sewer    | Gained mutation: Your demonic aura sometimes causes spilled
                  | blood to erupt in flames. [demonic ancestry]
  2250 | Sewer    | Reached XP level 6. HP: 47/48 MP: 6/6
  2305 | D:3      | Found Plog's General Store.
  2590 | D:3      | Noticed Grinder
  2605 | D:3      | Killed Grinder
  2606 | D:3      | Reached XP level 7. HP: 15/53 MP: 7/7
  2900 | D:3      | Bought a +0 cloak for 58 gold pieces
  3601 | D:4      | Slain by an ogre

Illustrated notes

Levels and vault maps discovered:
D:1:      lightli_arrival_maybe_door_vault, layout_basic
D:2:      layout_loops_corners, basic_altar, nicolae_hexahallways,
          serial_bayou_pond_c
D:3:      layout_basic, serial_shops, shop, cheibrodos_sewer_entry_bend,
          uniq_grinder
D:4:      layout_layer_cave, minmay_temple_entry_stoned_glass

Skill      XL: |  1  2  3  4  5  6  7 |
---------------+----------------------+-----
Axes           | 2 3 4 |  4.9
Shields        | 3 |  3.5
Armour         | 3 4 |  4.0
Dodging        | 1 |  1.9
Stealth        | 1 2 |  2.0
Fighting       | 4 |  4.0
Throwing       | |  0.7

Action                     |  1- 3 |  4- 6 |  7- 9 || total
---------------------------+-------+-------+-------++-------
  Melee: War axe           |    88 |    76 |    10 ||   174
  Throw: Boomerang         |       |     9 |    23 ||    32
    Use: Scroll            |       |     4 |       ||     4
         Potion            |       |     1 |       ||     1
 Armour: Scale mail        |    43 |    29 |     2 ||    74
  Dodge: Dodged            |    42 |    27 |     4 ||    73
  Block: Buckler           |    25 |    30 |     2 ||    57

Table legend: (Time is in decaauts)
 A = Elapsed time spent in this place.
 B = Non-inter-level travel time spent in this place.
 C = Inter-level travel time spent in this place.
 D = Time resting spent in this place.
 E = Time spent auto-exploring this place.
 F = Levels seen in this place.
 G = Mean time per level.
                   A        B        C        D        E       F      G
               +--------+--------+--------+--------+--------+-----+--------+
         Total |   3704 |   3613 |     91 |      0 |   2871 |   5 |  740.8 |
       Dungeon |   3205 |   3114 |     91 |      0 |   2506 |   4 |  801.2 |
         Sewer |    498 |    498 |      0 |      0 |    364 |   1 |  498.0 |
               +--------+--------+--------+--------+--------+-----+--------+

Top non-repeatable levels by time:
     D:2: 1145 daAuts
     D:3: 849 daAuts
     D:4: 700 daAuts
     D:1: 510 daAuts
   Sewer: 498 daAuts
